 Dungeon Crawl Stone Soup version 0.31-a0-164-g2312942fda (webtiles) character file.

Game seed: 15487352875677246130

4425 Moral the Cleaver (level 10, -6/91 HPs)
             Began as a Hill Orc Fighter on June 13, 2023.
             Was a Priest of Beogh.
             Killed from afar by Lodul (31 damage)
             ... with a bolt of lightning
             ... on level 11 of the Dungeon on June 14, 2023.
             The game lasted 00:37:23 (8915 turns).

Moral the Cleaver (Hill Orc Fighter)                Turns: 8915, Time: 00:37:24

Health: -6/91      AC: 14    Str: 24    XL:     10   Next: 36%
Magic:  15/15      EV:  9    Int:  8    God:    Beogh [***...]
Gold:   482        SH:  5    Dex: 10    Spells: 9/9 levels left

rFire   + . .        n - +5 broad axe (elec)
rCold   . . .        c - +0 buckler
rNeg    . . .        b - +1 scale mail
rPois   +            g - +1 helmet of the Barracuda {rPois}
rElec   .            D - +2 cloak
rCorr   .            (no gloves)
SInv    .            (no boots)
Will    +....        (no amulet) Stlth
                     i - ring of protection from fire
HPRegen 0.35/turn    e - ring of willpower
MPRegen 0.14/turn

%: no passive effects
@: about to teleport
A: no striking features
a: Renounce Religion, Smiting


You were on level 11 of the Dungeon.
You worshipped Beogh.
Beogh was most pleased with you.
You visited 1 branch of the dungeon, and saw 10 of its levels.
You also visited: Sewer.

You collected 482 gold pieces.

Inventory:

Hand Weapons
 n - a +5 broad axe of electrocution (weapon)
Armour
 b - a +1 scale mail (worn)
 c - a +0 buckler (worn)
 g - the +1 helmet of the Barracuda (worn) {rPois}
   (You acquired it on level 3 of the Dungeon)

   rPois:     It protects you from poison.
 D - a +2 cloak (worn)
Jewellery
 e - a ring of willpower (right hand)
 i - a ring of protection from fire (left hand)
Wands
 m - a wand of polymorph (3)
 B - a wand of acid (9)
Scrolls
 a - a scroll of fog {unknown}
 k - 2 scrolls of teleportation
 l - a scroll of vulnerability
 s - a scroll of poison
Potions
 h - 5 potions of enlightenment
 j - 2 potions of lignification
 o - 2 potions of cancellation {unknown}
 v - a potion of might
 w - a potion of attraction {unknown}
 x - 2 potions of magic {unknown}
 z - a potion of degeneration {unknown}
 A - a potion of resistance {unknown}
 C - a potion of mutation {unknown}


   Skills:
 + Level 9.0 Fighting
 + Level 9.3 Axes
 + Level 8.2 Armour
 + Level 8.3 Shields
 + Level 7.3 Invocations


You had 9 spell levels left.
You didn't know any spells.
Your spell library contained the following spells:

 Spells                   Type           Power      Damage    Failure   Level
 Magic Dart               Conj           0%         1d3       73%         1
 Sandblast                Erth           0%         2d4       73%         1
 Blink                    Tloc           0%         N/A       86%         2
 Call Imp                 Summ           0%         N/A       86%         2
 Ensorcelled Hibernation  Hex/Ice        0%         N/A       86%         2
 Passwall                 Tmut/Erth      0%         N/A       86%         2
 Dazzling Flash           Conj/Hex       0%         N/A       97%         3
 Mephitic Cloud           Conj/Pois/Air  0%         N/A       97%         3
 Stone Arrow              Conj/Erth      0%         3d7       97%         3
 Swiftness                Air            0%         N/A       97%         3
 Vhi's Electric Charge    Tloc/Air       0%         N/A       97%         3
 Volatile Blastmotes      Fire/Tloc      0%         2d10      97%         3
 Iskenderun's Mystic Bla  Conj/Tloc      0%         2d3       100%        4
 Manifold Assault         Tloc           0%         N/A       100%        4
 Arcjolt                  Conj/Air       0%         1d10      100%        5
 Plasma Beam              Fire/Air       0%         2x1d10    100%        6
 Starburst                Conj/Fire      0%         6d3       100%        6
 Storm Form               Tmut/Air       0%         N/A       100%        7


Dungeon Overview and Level Annotations

Branches:
Dungeon (9/15)             Temple (0/1) D:7            Lair (0/5) D:8
  Sewer (visited)
    Orc: D:9-12

Altars:
Ashenzari
Dithmenos
Gozag
Nemelex Xobeh
Qazlal
Ru
Trog
Vehumet
Wu Jian

Shops:
D:2 =   D:4 *   D:5 :

Annotations:
D:7 2 transporters, avis's ghost, novice FeSu
D:11 Lodul; jasper's ghost, journeyman SpVM


Message History

The ogre closely misses you.
Your Fighting skill increases to level 9!
The ogre shouts!
You slash the ogre!
The ogre is heavily wounded.
You hit the ogre.
You hear a shout!
The ogre hits you with a +0 giant club!
You hear a shout! x2
You feel much better.
An ogre comes into view. It is wielding a +0 giant spiked club.
The ogre closely misses you.
You barely miss the ogre.
The ogre is heavily wounded.
You slash Lodul! You hit the ogre. Lightning courses through the ogre!
Lodul shouts, "Intruder!"
Lodul barely misses you.
The ogre hits you with a +0 giant club! x2
You feel much better. Lodul hits you but does no damage.
The ogre hits you with a +0 giant club.
You closely miss the ogre.
The ogre is heavily wounded.
You slash Lodul! You hit the ogre. The ogre barely misses you.
Lodul hits you with a +0 great mace! You block the ogre's attack.
Blink to where?
Press: ? - help, Dir - move target
Found 6 stones.
As you read the scroll of blinking, it crumbles to dust.
The ice dragon roars deafeningly!
You hear an angry buzzing noise. x3
Electricity crackles from Lodul's apparatus.
The bolt of lightning misses you.
The killer bee buzzes angrily.
Electricity crackles from Lodul's apparatus.
The bolt of lightning hits you!!
* * * LOW HITPOINT WARNING * * *
As you read the scroll of teleportation, it crumbles to dust.
You feel strangely unstable.
You feel better.
Electricity crackles from Lodul's apparatus.
The bolt of lightning hits you!!
You die...

#. . ## ##. ..# #.( ...
#.##.##lW #.#..D..#
####.#y.# .###..#.# ..
...#..@..## ..#
#..........#...
###.#..O...#### #
##.........#
#.......##..
###...O.....## ..#
##....O.O.....### #..#
###.##..O....#....##..#
#....###)§O###........##


You could see an ice dragon, Lodul, 4 ogres and a killer bee.

Vanquished Creatures
  Maurice (D:8)
  Maggie (D:8)
  Psyche (D:8)
  Grinder (D:6)
  Sigmund (D:2)
  2 wyverns
  A yak (D:8)
  2 steam dragons
  4 black bears
  2 orc warriors
  2 sky beasts
  4 ogres
  2 centaurs
  2 kobold brigands
  A bullfrog (D:6)
  2 gnoll sergeants
  2 scorpions
  A hound (D:4)
  5 jellies
  3 orc priests
  A gnoll bouda (D:7)
  2 sleepcaps
  Terence (D:3)
  7 orc wizards
  A sickly merfolk siren (Sewer)
  A malarious merfolk avatar (Sewer)
  8 gnolls (D:7)
  An adder (D:3)
  4 river rats
  2 shadow imps
  An ufetubus (D:6)
  5 dart slugs
  14 orcs
  3 endoplasms
  3 giant cockroaches (Sewer)
  6 goblins
  9 hobgoblins
  7 jackals
  7 quokkas
  13 ball pythons
  5 bats
  5 frilled lizards
  22 kobolds
  23 rats
191 creatures vanquished.

Vanquished Creatures (others)
  An orc wizard (D:7)
  3 orcs
4 creatures vanquished.

Grand Total: 195 creatures vanquished

Notes
Turn   | Place    | Note
-------+----------+-------------------------------------------
     0 | D:1      | Moral the Hill Orc Fighter began the quest for the Orb.
     0 | D:1      | Reached XP level 1. HP: 19/19 MP: 1/1
   269 | D:1      | Reached XP level 2. HP: 26/27 MP: 2/2
   464 | D:1      | Reached XP level 3. HP: 31/33 MP: 3/3
  1025 | D:2      | Noticed Sigmund
  1145 | D:2      | Killed Sigmund
  1146 | D:2      | Reached XP level 4. HP: 36/41 MP: 4/4
  1146 | D:2      | Reached XP level 5. HP: 41/47 MP: 5/5
  1361 | D:2      | Found a broken altar of Ashenzari.
  1618 | D:2      | Found Cohuj's Jewellery Boutique.
  1842 | D:3      | Noticed Terence
  1852 | D:3      | Killed Terence
  1853 | D:3      | Reached skill level 5 in Fighting
  1853 | D:3      | Reached XP level 6. HP: 44/56 MP: 6/6
  1866 | D:3      | Became a worshipper of Beogh the Brigand
  2014 | D:3      | Found a broken altar of Ashenzari.
  2027 | D:3      | Found an opulent altar of Gozag.
  2209 | D:3      | Found a sacrificial altar of Ru.
  2217 | D:3      | Found a shadowy altar of Dithmenos.
  2369 | D:3      | Found a glowing drain.
  2386 | Sewer    | Entered a sewer
  2822 | Sewer    | Reached * piety under Beogh
  2964 | Sewer    | Reached skill level 5 in Axes
  3051 | D:3      | Identified a scroll of acquirement
  3051 | D:3      | Acquired the +1 helmet of the Barracuda {rPois}
  3154 | D:4      | Reached skill level 5 in Shields
  3345 | D:4      | Found Ucuggo's Neck Hole.
  3414 | D:4      | Reached ** piety under Beogh
  3435 | D:4      | Reached skill level 5 in Armour
  3435 | D:4      | Reached XP level 7. HP: 45/61 MP: 7/7
  3976 | D:5      | Entered Level 5 of the Dungeon
  4183 | D:5      | Reached skill level 1 in Invocations
  4340 | D:5      | Found a radiant altar of Vehumet.
  4731 | D:5      | Found Ratoad's Book Shoppe.
  5052 | D:6      | Noticed Grinder
  5067 | D:6      | Killed Grinder
  5068 | D:6      | Reached XP level 8. HP: 15/71 MP: 5/10
  6867 | D:7      | Reached XP level 9. HP: 75/79 MP: 12/12
  6878 | D:7      | Reached *** piety under Beogh
  7022 | D:7      | Found a staircase to the Ecumenical Temple.
  7056 | D:7      | Found a sparkling altar of Nemelex Xobeh.
  7313 | D:7      | Found a stormy altar of Qazlal.
  7317 | D:7      | Reached skill level 5 in Invocations
  7435 | D:7      | Found an ornate altar of the Wu Jian Council.
  7617 | D:7      | Found a bloodstained altar of Trog.
  7617 | D:7      | Noticed avis's ghost (novice FeSu)
  7618 | D:7      | Noticed a two-headed ogre
  7619 | D:7      | Noticed a moth of wrath
  7635 | D:7      | Found a transporter.
  7637 | D:7      | Found a transporter.
  7982 | D:7      | Acquired a +4 broad axe of electrocution
  8101 | D:8      | Noticed an elephant
  8103 | D:8      | Found a staircase to the Lair.
  8107 | D:8      | Noticed Maurice
  8137 | D:8      | Noticed Psyche
  8141 | D:8      | Killed Psyche
  8286 | D:8      | Noticed Maggie
  8299 | D:8      | Killed Maggie
  8351 | D:8      | Reached XP level 10. HP: 50/90 MP: 14/14
  8632 | D:8      | Killed Maurice
  8713 | D:8      | You fall into a shaft and drop 3 floors!
  8885 | D:11     | Noticed Lodul
  8911 | D:11     | Noticed an ice dragon
  8911 | D:11     | Noticed jasper's ghost (journeyman SpVM)
  8915 | D:11     | Killed from afar by Lodul

Illustrated notes

Levels and vault maps discovered:
D:1:      elethiomel_arrival_maze, layout_loops_ring
D:2:      minmay_skewed_foursquare, layout_basic, basic_altar, serial_shops,
          nicolae_shop_tiny_real_fake_doors, serial_corexii_hall,
          chequers_hall_statues_y, corexii_hall_statues_s,
          chequers_hall_statues_corner_a, nrook_uturn, uniq_sigmund
D:3:      layout_rooms, nicolae_overflow_quartered_altars, portal_sewer_entry_e,
          kennysheep_generic_room_2, uniq_terence
D:4:      cheibrodos_thug_alley, layout_basic, dk_noncrumbling_4,
          serial_bayou_ford_a, nicolae_shop_sticking_my_neck_out
D:5:      layout_loops_corners, vehumet_crystals, serial_shops,
          nicolae_shop_back_alley_shop
D:6:      layout_basic, nicolae_concentric_dashed_squares_mild, uniq_grinder
D:7:      layout_basic, nemelex_spade_bored_becter,
          pdpol_wu_jian_five_deadly_venoms, kennysheep_little_box,
          minmay_temple_entry_hall, gammafunk_ghost_wrathful_warriors
D:8:      minmay_spotlight, layout_basic, david_lair_generic, uniq_maurice,
          uniq_psyche, uniq_maggie
D:9:      nzn_winding_woodlands_three_and_one
          [nzn_winding_woodlands_5x15_lazy_stream,
          nzn_winding_woodlands_5x15_eye, nzn_winding_woodlands_5x15_zeroes,
          nzn_winding_woodlands_center_diamonds], layout_cross,
          mainiacjoe_overflow_catch_the_wave,
          kennysheep_orc_monster_closet_entryway, serial_gnoll_camp,
          gnoll_camp_mini_hut, gnoll_camp_mini_sergeant, gnoll_camp_medium_02,
          grums_kennel, gnoll_camp_mini_house
D:11:     layout_cave_pools, gammafunk_ghost_berserking_beasts,
          okawaru_metal_pillars_1_2, uniq_lodul

Skill      XL: |  1  2  3  4  5  6  7  8  9 10 |
---------------+-------------------------------+-----
Axes           | 3 4 5 6 7 8 9 |  9.3
Fighting       | 4 5 6 7 8 9 |  9.0
Armour         | 4 5 6 7 8 |  8.2
Shields        | 4 5 6 7 8 |  8.3
Invocations    | 2 4 6 7 |  7.3

Action                     |  1- 3 |  4- 6 |  7- 9 | 10-12 || total
---------------------------+-------+-------+-------+-------++-------
  Melee: War axe           |   105 |   229 |   204 |       ||   538
         Broad axe         |       |       |    32 |    32 ||    64
         Unarmed           |       |       |       |     2 ||     2
 Invoke: Convert to Beogh  |       |     1 |       |       ||     1
         Smiting           |       |       |     4 |       ||     4
    Use: Scroll            |     2 |     6 |     7 |     5 ||    20
         Potion            |     1 |     1 |     1 |     3 ||     6
 Armour: Scale mail        |    63 |   111 |   151 |    14 ||   339
  Dodge: Dodged            |    54 |    99 |   129 |    15 ||   297
  Block: Buckler           |    36 |    53 |    68 |    10 ||   167

Table legend: (Time is in decaauts)
 A = Elapsed time spent in this place.
 B = Non-inter-level travel time spent in this place.
 C = Inter-level travel time spent in this place.
 D = Time resting spent in this place.
 E = Time spent auto-exploring this place.
 F = Levels seen in this place.
 G = Mean time per level.
                   A        B        C        D        E       F      G
               +--------+--------+--------+--------+--------+-----+--------+
         Total |   9120 |   8559 |    561 |   1872 |   4467 |  11 |  829.1 |
       Dungeon |   8387 |   7826 |    561 |   1519 |   4462 |  10 |  838.7 |
         Sewer |    732 |    732 |      0 |    353 |      5 |   1 |  732.0 |
               +--------+--------+--------+--------+--------+-----+--------+

Top non-repeatable levels by time:
     D:6: 1862 daAuts
     D:7: 1267 daAuts
     D:2: 1113 daAuts
     D:5: 1046 daAuts
     D:4: 873 daAuts
     D:1: 773 daAuts
   Sewer: 732 daAuts
     D:3: 645 daAuts
     D:8: 593 daAuts
    D:11: 203 daAuts
     D:9: 7 daAuts
